Flyers vs Canucks

Created - 9 décembre 2021 at 16:22

Goals
1 2 3 T
Flyers 0 3 1 4
Canucks 1 1 0 2
Shots
1 2 3 T
Flyers 8 12 12 32
Canucks 10 13 9 32

GoalsPenalties
1st period
1. Canucks , P.K. Subban 3 (Anthony Beauvillier 8) at 13:01
Dakota Mermis (VAN) for Holding (Minor) at 3:51
Kurtis MacDermid (PHI) for Hooking (Minor) at 6:15
Zach Sanford (VAN) for Tripping (Minor) at 14:12
2nd period
2. Flyers , Phillip Danault 5 (Brett Pesce 14) at 7:37
3. Canucks , P.K. Subban 4 (Jack Hughes 6) at 8:35
4. Flyers , Bryan Rust 3 (David Pastrnak 7) at 15:40
5. Flyers , Brad Marchand 11 (Alex Killorn 7, Connor McDavid 12) at 15:56
Connor Clifton (VAN) for Holding (Minor) at 2:20
Dakota Mermis (VAN) for Hooking (Minor) at 4:42
Barclay Goodrow (PHI) for Hooking (Minor) at 4:42
Austin Wagner (VAN) for Hooking (Minor) at 8:46
Hampus Lindholm (PHI) for Tripping (Minor) at 18:54
3rd period
6. Flyers , Kurtis MacDermid 1 (Logan O'Connor 2, Radim Simek 5) at 19:37 (Empty Net)
Patrice Bergeron (VAN) for Hooking (Minor) at 16:52
Anders Lee (PHI) for Hooking (Minor) at 16:52
Goalie Stats
Sergei Bobrovsky (PHI), 30 saves from 32 shots - (0,938), W, 8-5-3, 60:00 minutes
Marc-Andre Fleury (VAN), 28 saves from 31 shots - (0,903), L, 5-14-0, 59:23 minutes
3 StarsOfficial
1 - P.K. Subban (VAN)
2 - Phillip Danault (PHI)
3 - Bryan Rust (PHI)
Referees : Dan O'Halloran and Dan O'Rourke
Linesman : Ryan Gibbons and John Grandt
Game Note
Kurtis MacDermid has scored in a empty net!
Finance
Level 1 -- Attendance: 2000 (40,00%) -- Ticket Income 400 000 $
Level 2 -- Attendance: 1600 (40,00%) -- Ticket Income 240 000 $
Level 3 -- Attendance: 1200 (40,00%) -- Ticket Income 120 000 $
Level 4 -- Attendance: 1600 (40,00%) -- Ticket Income 120 000 $
Luxury Box -- Attendance: 524 (52,40%) -- Ticket Income 157 200 $
Game was played at the GM Place.
Total Attendance: 6924 (40,73%)
Total Ticket Income: 1 037 200 $
Other Income: 508 228 $
Total Income: 1 545 428 $



Team Name Goals Shots Shots Attemp Shots Blocked PIM HIT PP PK FO%
Flyers 43266118210 / 4 (0%)058%
Canucks 232641012200 / 2 (0%)042%

Flyers
Player Name POS G A P +/- PIM HIT SHT SB MP PP MP PP SHT PK MP PK SHT FO% FOT
Alex KillornLW/RW011-1010013:490:0002:1100% 1
Anders LeeLW0000201112:340:3400:00050% 2
Barclay GoodrowC/LW/RW0001210010:430:0002:11067% 12
Brad MarchandLW101-1025017:504:1510:00033% 3
Brett PesceD0111002323:394:2421:5400% 0
Bryan RustLW/RW1012025015:373:4120:00050% 2
Connor McDavidC011-1010017:504:1500:00056% 25
David PastrnakRW0112003017:383:4100:0000% 0
Devon ToewsD0001030123:333:0802:4400% 0
Hampus LindholmD000-1222021:494:1010:4600% 0
Ivan ProvorovD000-1012223:073:3202:2100% 0
Kevin FialaLW/RW000100108:330:0000:0000% 0
Kurtis MacDermidD1012231014:160:3800:0800% 0
Logan O'ConnorRW011100008:330:0000:0000% 1
Phillip DanaultC1012025213:430:0001:47072% 18
Radim SimekD0112000113:340:0000:0300% 0
Tom WilsonRW0000032018:034:1501:47067% 3
Tyler SeguinC/LW/RW0000003117:093:0700:00052% 23
Canucks
Player Name POS G A P +/- PIM HIT SHT SB MP PP MP PP SHT PK MP PK SHT FO% FOT
Alexander KerfootC/LW/RW0000003015:192:2000:00037% 19
Alexander RomanovD000-1020221:191:3803:5000% 0
Anthony BeauvillierLW0110013120:091:3804:06067% 3
Artem ZubD000-1013021:191:3833:5000% 0
Arttu RuotsalainenC000000005:060:0000:00017% 6
Austin WagnerLW/RW000021005:050:0000:000100% 1
Christian FischerRW000-2011214:470:0001:1000% 3
Connor CliftonD000-2222214:250:0000:0000% 0
Dakota MermisD000-2431114:240:0000:0000% 0
David BackesC/RW000-2003013:370:0000:00050% 12
Ian ColeD0001011224:152:2004:0600% 0
Jack HughesC/LW/RW0111012020:152:2013:50050% 4
Joakim NordstromC/LW/RW0000021015:192:2000:0000% 0
P.K. SubbanD2021022024:152:2004:0600% 0
Patrice BergeronC0000216024:131:3804:06148% 27
Quinton ByfieldC000000001:010:0000:00067% 3
Trevor MooreC/LW/RW000-2001013:370:0000:0000% 3
Zach SanfordC/LW/RW000-1223019:351:3812:40044% 9

Flyers

5 vs 5 Forward
Line #Left WingCenterRight WingPHYDFOFWanted %Time %Time Play
1Brad MarchandConnor McDavidAlex Killorn0232726%11:38
2Bryan RustPhillip DanaultDavid Pastrnak0232727%11:56
3Anders LeeTyler SeguinTom Wilson1222727%12:01
4Kevin FialaBarclay GoodrowLogan O'Connor1221919%8:33
5 vs 5 Defense
Line #DefenseDefensePHYDFOFWanted %Time %Time Play
1Ivan ProvorovHampus Lindholm0324034%14:53
2Devon ToewsBrett Pesce0324035%15:20
3Radim SimekKurtis MacDermid1402031%13:31
4Ivan ProvorovDevon Toews11301%0:24
Power Play Forward
Line #Left WingCenterRight WingPHYDFOFWanted %Time %Time Play
1Brad MarchandConnor McDavidTom Wilson0145054%4:15
2Bryan RustTyler SeguinDavid Pastrnak0145046%3:41
Power Play Defense
Line #DefenseDefensePHYDFOFWanted %Time %Time Play
1Ivan ProvorovDevon Toews0235047%3:42
2Hampus LindholmBrett Pesce0235053%4:14
Penalty Kill 4 Players Forward
Line #CenterWingPHYDFOFWanted %Time %Time Play
1Phillip DanaultTom Wilson0415045%1:47
2Barclay GoodrowAlex Killorn0415055%2:11
Penalty Kill 4 Players Defense
Line #DefenseDefensePHYDFOFWanted %Time %Time Play
1Brett PesceIvan Provorov0505544%1:44
2Hampus LindholmDevon Toews0504556%2:14
Penalty Kill 3 Players
Line #WingPHYDFOFWanted %Time %Time PlayDefenseDefensePHYDFOFWanted %Time %Time Play
1Phillip Danault050500%0:00 Brett PesceIvan Provorov050500%0:00
2Barclay Goodrow050500%0:00 Hampus LindholmDevon Toews050500%0:00
4 vs 4 Forward
Line #CenterWingPHYDFOFWanted %Time %Time Play
1Connor McDavidBrad Marchand0145049%1:57
2Tyler SeguinDavid Pastrnak0145051%2:01
4 vs 4 Defense
Line #DefensePHYDFOFWanted %Time %Time Play
1Ivan ProvorovDevon Toews0325049%50% - 1:57
2Hampus LindholmBrett Pesce0325051%50% - 2:01
Last Minutes Offensive
Left WingCenterRight WingDefenseDefense
Brad MarchandConnor McDavidDavid PastrnakIvan ProvorovDevon Toews
Last Minutes Defensive
Left WingCenterRight WingDefenseDefense
Alex KillornPhillip DanaultTom WilsonIvan ProvorovBrett Pesce
Time
Total ForwardTotal DefenseLast Minutes OffensiveLast Minutes Defensive
60:00 60:00 0:000:00
Extra Forwards
Normal PowerPlayPenalty Kill
Kevin Fiala, Alex Killorn, Anders LeeAnders Lee, Alex KillornBrad Marchand
Extra Defensemen
Normal PowerPlayPenalty Kill
Ivan Provorov, Hampus Lindholm, Devon ToewsBrett Pesce, Hampus LindholmIvan Provorov
Penalty Shots
Connor McDavid, Tyler Seguin, David Pastrnak, Brad Marchand, Bryan Rust
Goalie
Sergei Bobrovsky, Linus Ullmark
Custom OT Lines Forwards
Connor McDavid, Brad Marchand, David Pastrnak, Tom Wilson, Tyler Seguin, Phillip Danault, Alex Killorn, Bryan Rust, Barclay Goodrow, Anders Lee
Custom OT Lines Defensemen
Ivan Provorov, Devon Toews, Hampus Lindholm, Brett Pesce, Radim Simek
Scratches
Oscar Klefbom (Separated Right Shoulder Injury), Anthony Stolarz (Healthy)

Canucks

5 vs 5 Forward
Line #Left WingCenterRight WingPHYDFOFWanted %Time %Time Play
1Anthony BeauvillierPatrice BergeronJack Hughes1043028%12:06
2Zach SanfordAlexander KerfootJoakim Nordstrom2033030%12:59
3Trevor MooreDavid BackesChristian Fischer2032431%13:37
4Austin WagnerArttu RuotsalainenPatrice Bergeron3021612%5:06
5 vs 5 Defense
Line #DefenseDefensePHYDFOFWanted %Time %Time Play
1P.K. SubbanIan Cole1223027%11:37
2Artem ZubAlexander Romanov1223032%13:52
3Connor CliftonDakota Mermis1222433%14:26
4P.K. SubbanIan Cole122169%3:53
Power Play Forward
Line #Left WingCenterRight WingPHYDFOFWanted %Time %Time Play
1Anthony BeauvillierPatrice BergeronZach Sanford1225041%1:38
2Alexander KerfootJack HughesJoakim Nordstrom1225059%2:20
Power Play Defense
Line #DefenseDefensePHYDFOFWanted %Time %Time Play
1P.K. SubbanIan Cole1225059%2:20
2Artem ZubAlexander Romanov1225041%1:38
Penalty Kill 4 Players Forward
Line #CenterWingPHYDFOFWanted %Time %Time Play
1Patrice BergeronAnthony Beauvillier1225052%4:06
2Zach SanfordJack Hughes1225048%3:50
Penalty Kill 4 Players Defense
Line #DefenseDefensePHYDFOFWanted %Time %Time Play
1P.K. SubbanIan Cole1225052%4:06
2Artem ZubAlexander Romanov1225048%3:50
Penalty Kill 3 Players
Line #WingPHYDFOFWanted %Time %Time PlayDefenseDefensePHYDFOFWanted %Time %Time Play
1Patrice Bergeron122500%0:00 P.K. SubbanIan Cole122500%0:00
2Anthony Beauvillier122500%0:00 Artem ZubAlexander Romanov122500%0:00
4 vs 4 Forward
Line #CenterWingPHYDFOFWanted %Time %Time Play
1Patrice BergeronAnthony Beauvillier1225050%1:59
2Zach SanfordJack Hughes1225050%1:59
4 vs 4 Defense
Line #DefensePHYDFOFWanted %Time %Time Play
1P.K. SubbanIan Cole1225050%50% - 1:59
2Artem ZubAlexander Romanov1225050%50% - 1:59
Last Minutes Offensive
Left WingCenterRight WingDefenseDefense
Anthony BeauvillierPatrice BergeronZach SanfordP.K. SubbanIan Cole
Last Minutes Defensive
Left WingCenterRight WingDefenseDefense
Anthony BeauvillierPatrice BergeronZach SanfordP.K. SubbanIan Cole
Time
Total ForwardTotal DefenseLast Minutes OffensiveLast Minutes Defensive
60:00 60:00 0:200:00
Extra Forwards
Normal PowerPlayPenalty Kill
Quinton Byfield, David Backes, Christian FischerQuinton Byfield, David BackesChristian Fischer
Extra Defensemen
Normal PowerPlayPenalty Kill
Connor Clifton, Dakota Mermis, Artem ZubConnor Clifton, Dakota MermisArtem Zub
Penalty Shots
Patrice Bergeron, Anthony Beauvillier, Zach Sanford, Jack Hughes, Alexander Kerfoot
Goalie
Marc-Andre Fleury, Ilya Sorokin
Custom OT Lines Forwards
Patrice Bergeron, Anthony Beauvillier, Zach Sanford, Jack Hughes, Alexander Kerfoot, Joakim Nordstrom, David Backes, Christian Fischer, Arttu Ruotsalainen, Quinton Byfield
Custom OT Lines Defensemen
P.K. Subban, Ian Cole, Artem Zub, Alexander Romanov, Connor Clifton
Scratches
Sam Gagner (Healthy), Michael Frolik (Healthy), Thomas Hickey (Healthy)


Play-by-Play

1st period


0:01 of 1st period - Connor McDavid wins face-off versus Patrice Bergeron in neutral zone.
0:38 of 1st period - Off-side.
0:39 of 1st period - Phillip Danault wins face-off versus Alexander Kerfoot in neutral zone.
0:53 of 1st period - Icing by Bryan Rust.
0:54 of 1st period - Phillip Danault wins face-off versus David Backes in Flyers zone.
1:14 of 1st period - Shot by Trevor Moore.
1:14 of 1st period - Stopped by Sergei Bobrovsky without a rebound.
1:15 of 1st period - Arttu Ruotsalainen wins face-off versus Tom Wilson in Flyers zone.
1:20 of 1st period - Shot by Arttu Ruotsalainen.
1:20 of 1st period - Shot Misses the Net.
1:24 of 1st period - Shot by Austin Wagner.
1:24 of 1st period - Shot Blocked by Radim Simek.
1:26 of 1st period - Shot by Ian Cole.
1:26 of 1st period - Shot Misses the Net.
1:40 of 1st period - Shot by Tom Wilson.
1:40 of 1st period - Shot Misses the Net.
2:32 of 1st period - Icing by Artem Zub.
2:33 of 1st period - Barclay Goodrow wins face-off versus Alexander Kerfoot in Canucks zone.
2:44 of 1st period - Icing by Devon Toews.
2:45 of 1st period - Barclay Goodrow wins face-off versus David Backes in Flyers zone.
3:13 of 1st period - Shot by Barclay Goodrow.
3:13 of 1st period - Shot Hit the Post.
3:15 of 1st period - Shot by Brett Pesce.
3:15 of 1st period - Shot Blocked by Connor Clifton.
3:51 of 1st period - Minor Penalty to Dakota Mermis for Holding.
3:52 of 1st period - Connor McDavid wins face-off versus Patrice Bergeron in Canucks zone.
4:01 of 1st period - Shot by Hampus Lindholm.
4:01 of 1st period - Stopped by Marc-Andre Fleury without a rebound.
4:02 of 1st period - Zach Sanford wins face-off versus Tyler Seguin in Canucks zone.
6:04 of 1st period - David Backes is hit by Kurtis MacDermid and loses puck.
6:13 of 1st period - Barclay Goodrow is hit by Christian Fischer and loses puck.
6:15 of 1st period - Minor Penalty to Kurtis MacDermid for Hooking.
6:16 of 1st period - Barclay Goodrow wins face-off versus Jack Hughes in Flyers zone.
8:21 of 1st period - Shot by Brad Marchand.
8:21 of 1st period - Shot Blocked by Dakota Mermis.
8:48 of 1st period - Icing by Alex Killorn.
8:49 of 1st period - Connor McDavid wins face-off versus Arttu Ruotsalainen in Flyers zone.
8:51 of 1st period - Icing by Brad Marchand.
8:52 of 1st period - Connor McDavid wins face-off versus Arttu Ruotsalainen in Flyers zone.
8:52 of 1st period - Brad Marchand is hit by Patrice Bergeron.
9:23 of 1st period - Icing by Kurtis MacDermid.
9:24 of 1st period - Alexander Kerfoot wins face-off versus Connor McDavid in Flyers zone.
10:06 of 1st period - Zach Sanford is hit by Phillip Danault.
10:26 of 1st period - Shot by Phillip Danault.
10:26 of 1st period - Deflect By David Pastrnak.
10:26 of 1st period - Stopped by Marc-Andre Fleury without a rebound.
10:27 of 1st period - Tyler Seguin wins face-off versus Trevor Moore in Canucks zone.
10:42 of 1st period - Shot by Connor Clifton.
10:42 of 1st period - Shot Blocked by Anders Lee.
10:51 of 1st period - David Backes is hit by Devon Toews.
11:05 of 1st period - Shot by Dakota Mermis.
11:05 of 1st period - Shot Blocked by Brett Pesce.
11:07 of 1st period - Shot by Christian Fischer.
11:07 of 1st period - Shot Misses the Net.
11:09 of 1st period - Shot by Connor Clifton.
11:09 of 1st period - Stopped by Sergei Bobrovsky without a rebound.
11:10 of 1st period - Phillip Danault wins face-off versus Patrice Bergeron in Flyers zone.
12:09 of 1st period - Shot by Zach Sanford.
12:09 of 1st period - Shot Misses the Net.
12:11 of 1st period - Shot by Zach Sanford.
12:11 of 1st period - Stopped by Sergei Bobrovsky without a rebound.
12:12 of 1st period - David Backes wins face-off versus Tyler Seguin in Flyers zone.
12:13 of 1st period - Shot by Ian Cole.
12:13 of 1st period - Stopped by Sergei Bobrovsky with a rebound.
12:25 of 1st period - Shot by Tom Wilson.
12:25 of 1st period - Stopped by Marc-Andre Fleury without a rebound.
12:26 of 1st period - Alexander Kerfoot wins face-off versus Brad Marchand in Canucks zone.
12:26 of 1st period - Alexander Kerfoot is hit by Alex Killorn.
12:39 of 1st period - Icing by Connor Clifton.
12:40 of 1st period - Anders Lee wins face-off versus Alexander Kerfoot in Canucks zone.
12:59 of 1st period - Shot by Alexander Kerfoot.
12:59 of 1st period - Stopped by Sergei Bobrovsky without a rebound.
13:00 of 1st period - Anthony Beauvillier wins face-off versus Connor McDavid in Flyers zone.
13:01 of 1st period - Shot by P.K. Subban.
13:01 of 1st period - Goal by P.K. Subban - Flyers : 0 - Canucks : 1.
13:02 of 1st period - Patrice Bergeron wins face-off versus Phillip Danault in neutral zone.
13:28 of 1st period - Shot by Bryan Rust.
13:28 of 1st period - Stopped by Marc-Andre Fleury with a rebound.
14:12 of 1st period - Minor Penalty to Zach Sanford for Tripping.
14:13 of 1st period - Tom Wilson wins face-off versus Christian Fischer in Canucks zone.
14:16 of 1st period - Shot by Brad Marchand.
14:16 of 1st period - Stopped by Marc-Andre Fleury without a rebound.
14:17 of 1st period - Connor McDavid wins face-off versus Christian Fischer in Canucks zone.
14:22 of 1st period - Shot by Brad Marchand.
14:22 of 1st period - Deflect By Connor McDavid.
14:22 of 1st period - Shot Misses the Net.
14:24 of 1st period - Shot by Tom Wilson.
14:24 of 1st period - Shot Blocked by Christian Fischer.
14:26 of 1st period - Shot by Brett Pesce.
14:26 of 1st period - Stopped by Marc-Andre Fleury without a rebound.
14:27 of 1st period - Connor McDavid wins face-off versus Patrice Bergeron in Canucks zone.
14:30 of 1st period - Shot by Brett Pesce.
14:30 of 1st period - Stopped by Marc-Andre Fleury without a rebound.
14:31 of 1st period - Brad Marchand wins face-off versus Patrice Bergeron in Canucks zone.
15:06 of 1st period - Alexander Romanov is hit by Tom Wilson and loses puck.
15:26 of 1st period - Icing by Hampus Lindholm.
15:27 of 1st period - Patrice Bergeron wins face-off versus Tyler Seguin in Flyers zone.
15:50 of 1st period - Shot by Bryan Rust.
15:50 of 1st period - Stopped by Marc-Andre Fleury without a rebound.
15:51 of 1st period - Connor McDavid wins face-off versus Christian Fischer in Canucks zone.
16:39 of 1st period - Icing by Alexander Kerfoot.
16:40 of 1st period - Phillip Danault wins face-off versus Alexander Kerfoot in Canucks zone.
17:03 of 1st period - Shot by Alexander Kerfoot.
17:03 of 1st period - Stopped by Sergei Bobrovsky without a rebound.
17:04 of 1st period - Jack Hughes wins face-off versus Alex Killorn in Flyers zone.
17:11 of 1st period - Shot by Patrice Bergeron.
17:11 of 1st period - Shot Misses the Net.
17:13 of 1st period - Shot by Patrice Bergeron.
17:13 of 1st period - Stopped by Sergei Bobrovsky without a rebound.
17:14 of 1st period - Patrice Bergeron wins face-off versus Tyler Seguin in Flyers zone.
17:17 of 1st period - Shot by Patrice Bergeron.
17:17 of 1st period - Stopped by Sergei Bobrovsky without a rebound.
17:18 of 1st period - Tyler Seguin wins face-off versus Patrice Bergeron in Flyers zone.
17:39 of 1st period - Shot by Patrice Bergeron.
17:39 of 1st period - Shot Blocked by Brett Pesce.
17:41 of 1st period - Shot by Patrice Bergeron.
17:41 of 1st period - Stopped by Sergei Bobrovsky without a rebound.
17:42 of 1st period - Connor McDavid wins face-off versus Zach Sanford in Flyers zone.
17:47 of 1st period - Shot by Connor McDavid.
17:47 of 1st period - Shot Misses the Net.
18:48 of 1st period - Icing by Brett Pesce.
18:49 of 1st period - Patrice Bergeron wins face-off versus Tyler Seguin in Flyers zone.
18:53 of 1st period - Anthony Beauvillier is hit by Devon Toews.
19:01 of 1st period - Shot by Anthony Beauvillier.
19:01 of 1st period - Shot Misses the Net.
Goals for this period are 0 for Flyers vs 1 for Canucks.
Shots for this period are 8 for Flyers vs 10 for Canucks.

2nd period


0:01 of 2nd period - Patrice Bergeron wins face-off versus Connor McDavid in neutral zone.
0:30 of 2nd period - Connor McDavid is hit by P.K. Subban and loses puck.
1:14 of 2nd period - Ivan Provorov is hit by Alexander Romanov and loses puck.
1:26 of 2nd period - Icing by Alexander Romanov.
1:27 of 2nd period - Tyler Seguin wins face-off versus Alexander Kerfoot in Canucks zone.
1:31 of 2nd period - Icing by Artem Zub.
1:32 of 2nd period - Tyler Seguin wins face-off versus Alexander Kerfoot in Canucks zone.
1:33 of 2nd period - Shot by Tom Wilson.
1:33 of 2nd period - Stopped by Marc-Andre Fleury without a rebound.
1:34 of 2nd period - Tyler Seguin wins face-off versus David Backes in Canucks zone.
2:12 of 2nd period - Anders Lee is hit by Dakota Mermis and loses puck.
2:20 of 2nd period - Minor Penalty to Connor Clifton for Holding.
2:21 of 2nd period - Tyler Seguin wins face-off versus Patrice Bergeron in Canucks zone.
2:46 of 2nd period - P.K. Subban is hit by Bryan Rust and loses puck.
3:59 of 2nd period - Shot by David Pastrnak.
3:59 of 2nd period - Shot Misses the Net.
4:01 of 2nd period - Shot by David Pastrnak.
4:01 of 2nd period - Shot Misses the Net.
4:03 of 2nd period - Shot by Ivan Provorov.
4:03 of 2nd period - Shot Misses the Net.
4:05 of 2nd period - Shot by Bryan Rust.
4:05 of 2nd period - Shot Misses the Net.
4:07 of 2nd period - Shot by Ivan Provorov.
4:07 of 2nd period - Shot Blocked by Anthony Beauvillier.
4:30 of 2nd period - Kevin Fiala is hit by Dakota Mermis and loses puck.
4:42 of 2nd period - Minor Penalty to Dakota Mermis for Hooking.
4:42 of 2nd period - Minor Penalty to Barclay Goodrow for Hooking.
4:43 of 2nd period - Zach Sanford wins face-off versus Connor McDavid in Canucks zone.
4:56 of 2nd period - Shot by Jack Hughes.
4:56 of 2nd period - Shot Misses the Net.
5:12 of 2nd period - Shot by Connor McDavid.
5:12 of 2nd period - Shot Misses the Net.
5:55 of 2nd period - Shot by Anthony Beauvillier.
5:55 of 2nd period - Stopped by Sergei Bobrovsky without a rebound.
5:56 of 2nd period - Patrice Bergeron wins face-off versus Tyler Seguin in Flyers zone.
6:05 of 2nd period - Shot by Anthony Beauvillier.
6:05 of 2nd period - Shot Blocked by Tyler Seguin.
6:13 of 2nd period - Shot by Hampus Lindholm.
6:13 of 2nd period - Shot Misses the Net.
6:23 of 2nd period - Shot by Patrice Bergeron.
6:23 of 2nd period - Deflect By Anthony Beauvillier.
6:23 of 2nd period - Stopped by Sergei Bobrovsky with a rebound.
6:38 of 2nd period - Off-side.
6:39 of 2nd period - Connor McDavid wins face-off versus Zach Sanford in neutral zone.
6:57 of 2nd period - Shot by Logan O'Connor.
6:57 of 2nd period - Shot Misses the Net.
6:59 of 2nd period - Shot by Barclay Goodrow.
6:59 of 2nd period - Shot Blocked by Connor Clifton.
7:35 of 2nd period - Shot by Phillip Danault.
7:35 of 2nd period - Stopped by Marc-Andre Fleury with a rebound.
7:37 of 2nd period - Shot by Phillip Danault.
7:37 of 2nd period - Goal by Phillip Danault - Flyers : 1 - Canucks : 1.
7:38 of 2nd period - Alexander Kerfoot wins face-off versus Connor McDavid in neutral zone.
7:41 of 2nd period - Ivan Provorov is hit by Zach Sanford and loses puck.
8:14 of 2nd period - Alexander Kerfoot is hit by Hampus Lindholm and loses puck.
8:33 of 2nd period - Shot by Jack Hughes.
8:33 of 2nd period - Stopped by Sergei Bobrovsky with a rebound.
8:35 of 2nd period - Shot by P.K. Subban.
8:35 of 2nd period - Goal by P.K. Subban - Flyers : 1 - Canucks : 2.
8:36 of 2nd period - Austin Wagner wins face-off versus Phillip Danault in neutral zone.
8:46 of 2nd period - Minor Penalty to Austin Wagner for Hooking.
8:47 of 2nd period - Tyler Seguin wins face-off versus Patrice Bergeron in Canucks zone.
9:11 of 2nd period - Shot by Patrice Bergeron.
9:11 of 2nd period - Stopped by Sergei Bobrovsky without a rebound.
9:12 of 2nd period - Connor McDavid wins face-off versus Zach Sanford in Flyers zone.
9:37 of 2nd period - Shot by Brad Marchand.
9:37 of 2nd period - Shot Misses the Net.
9:39 of 2nd period - Shot by Ivan Provorov.
9:39 of 2nd period - Shot Blocked by Alexander Romanov.
10:07 of 2nd period - Hampus Lindholm is hit by Anthony Beauvillier and loses puck.
10:26 of 2nd period - Shot by Bryan Rust.
10:26 of 2nd period - Stopped by Marc-Andre Fleury without a rebound.
10:27 of 2nd period - Tyler Seguin wins face-off versus Zach Sanford in Canucks zone.
10:51 of 2nd period - Logan O'Connor is hit by Dakota Mermis and loses puck.
11:14 of 2nd period - David Backes is hit by Kurtis MacDermid and loses puck.
11:24 of 2nd period - Shot by Christian Fischer.
11:24 of 2nd period - Stopped by Sergei Bobrovsky without a rebound.
11:25 of 2nd period - Anthony Beauvillier wins face-off versus Brad Marchand in Flyers zone.
11:38 of 2nd period - Icing by Patrice Bergeron.
11:39 of 2nd period - Phillip Danault wins face-off versus Patrice Bergeron in Canucks zone.
11:43 of 2nd period - Icing by Ian Cole.
11:44 of 2nd period - Patrice Bergeron wins face-off versus Phillip Danault in Canucks zone.
11:44 of 2nd period - Patrice Bergeron is hit by Phillip Danault.
11:47 of 2nd period - Icing by P.K. Subban.
11:48 of 2nd period - Tyler Seguin wins face-off versus Anthony Beauvillier in Canucks zone.
12:28 of 2nd period - Shot by Anders Lee.
12:28 of 2nd period - Stopped by Marc-Andre Fleury without a rebound.
12:29 of 2nd period - Phillip Danault wins face-off versus Alexander Kerfoot in Canucks zone.
12:50 of 2nd period - Shot by Devon Toews.
12:50 of 2nd period - Shot Misses the Net.
12:52 of 2nd period - Shot by Brett Pesce.
12:52 of 2nd period - Shot Blocked by Alexander Romanov.
12:54 of 2nd period - Shot by Phillip Danault.
12:54 of 2nd period - Stopped by Marc-Andre Fleury without a rebound.
12:55 of 2nd period - Connor McDavid wins face-off versus Trevor Moore in Canucks zone.
13:20 of 2nd period - Shot by David Backes.
13:20 of 2nd period - Stopped by Sergei Bobrovsky without a rebound.
13:21 of 2nd period - Phillip Danault wins face-off versus Arttu Ruotsalainen in Flyers zone.
13:52 of 2nd period - Off-side.
13:53 of 2nd period - Alexander Kerfoot wins face-off versus Tyler Seguin in neutral zone.
15:08 of 2nd period - David Pastrnak is hit by Alexander Romanov and loses puck.
15:15 of 2nd period - Shot by Bryan Rust.
15:15 of 2nd period - Shot Misses the Net.
15:17 of 2nd period - Shot by Phillip Danault.
15:17 of 2nd period - Stopped by Marc-Andre Fleury with a rebound.
15:19 of 2nd period - Shot by Ivan Provorov.
15:19 of 2nd period - Shot Misses the Net.
15:35 of 2nd period - Patrice Bergeron is hit by Bryan Rust and loses puck.
15:40 of 2nd period - Shot by Bryan Rust.
15:40 of 2nd period - Goal by Bryan Rust - Flyers : 2 - Canucks : 2.
15:41 of 2nd period - Connor McDavid wins face-off versus David Backes in neutral zone.
15:56 of 2nd period - Shot by Brad Marchand.
15:56 of 2nd period - Goal by Brad Marchand - Flyers : 3 - Canucks : 2.
15:57 of 2nd period - Alexander Kerfoot wins face-off versus Barclay Goodrow in neutral zone.
16:02 of 2nd period - Shot by Joakim Nordstrom.
16:02 of 2nd period - Stopped by Sergei Bobrovsky without a rebound.
16:03 of 2nd period - David Backes wins face-off versus Connor McDavid in Flyers zone.
16:19 of 2nd period - Shot by Brad Marchand.
16:19 of 2nd period - Shot Blocked by Ian Cole.
16:21 of 2nd period - Shot by Hampus Lindholm.
16:21 of 2nd period - Shot Blocked by Christian Fischer.
16:29 of 2nd period - Shot by Brad Marchand.
16:29 of 2nd period - Stopped by Marc-Andre Fleury without a rebound.
16:30 of 2nd period - Phillip Danault wins face-off versus Arttu Ruotsalainen in Canucks zone.
16:43 of 2nd period - Shot by Bryan Rust.
16:43 of 2nd period - Stopped by Marc-Andre Fleury with a rebound.
16:55 of 2nd period - Patrice Bergeron is hit by Devon Toews and loses puck.
17:34 of 2nd period - Shot by Hampus Lindholm.
17:34 of 2nd period - Stopped by Marc-Andre Fleury with a rebound.
17:51 of 2nd period - Alexander Kerfoot is hit by Hampus Lindholm and loses puck.
18:24 of 2nd period - Connor Clifton is hit by Tom Wilson and loses puck.
18:43 of 2nd period - Shot by David Backes.
18:43 of 2nd period - Stopped by Sergei Bobrovsky with a rebound.
18:45 of 2nd period - Shot by Trevor Moore.
18:45 of 2nd period - Shot Misses the Net.
18:54 of 2nd period - Minor Penalty to Hampus Lindholm for Tripping.
18:55 of 2nd period - Patrice Bergeron wins face-off versus Barclay Goodrow in Flyers zone.
18:58 of 2nd period - Shot by Artem Zub.
18:58 of 2nd period - Stopped by Sergei Bobrovsky without a rebound.
18:59 of 2nd period - Barclay Goodrow wins face-off versus Zach Sanford in Flyers zone.
19:15 of 2nd period - Barclay Goodrow is hit by Zach Sanford and loses puck.
19:20 of 2nd period - Shot by Zach Sanford.
19:20 of 2nd period - Stopped by Sergei Bobrovsky with a rebound.
19:22 of 2nd period - Shot by Artem Zub.
19:22 of 2nd period - Stopped by Sergei Bobrovsky without a rebound.
19:23 of 2nd period - Barclay Goodrow wins face-off versus Jack Hughes in Flyers zone.
19:40 of 2nd period - Alex Killorn is hit by Jack Hughes and loses puck.
19:55 of 2nd period - Shot by Jack Hughes.
19:55 of 2nd period - Stopped by Sergei Bobrovsky without a rebound.
19:56 of 2nd period - Phillip Danault wins face-off versus Patrice Bergeron in Flyers zone.
Goals for this period are 3 for Flyers vs 1 for Canucks.
Shots for this period are 12 for Flyers vs 13 for Canucks.

3rd period


0:01 of 3rd period - Phillip Danault wins face-off versus Patrice Bergeron in neutral zone.
0:04 of 3rd period - Patrice Bergeron is hit by Tom Wilson and loses puck.
0:16 of 3rd period - Shot by Artem Zub.
0:16 of 3rd period - Stopped by Sergei Bobrovsky without a rebound.
0:17 of 3rd period - Jack Hughes wins face-off versus Barclay Goodrow in Flyers zone.
0:38 of 3rd period - Shot by P.K. Subban.
0:38 of 3rd period - Shot Blocked by Ivan Provorov.
0:40 of 3rd period - Shot by Ian Cole.
0:40 of 3rd period - Shot Misses the Net.
0:42 of 3rd period - Shot by Ian Cole.
0:42 of 3rd period - Shot Misses the Net.
0:44 of 3rd period - Shot by Ian Cole.
0:44 of 3rd period - Shot Blocked by Ivan Provorov.
0:46 of 3rd period - Shot by Joakim Nordstrom.
0:46 of 3rd period - Shot Blocked by Phillip Danault.
0:48 of 3rd period - Shot by Alexander Kerfoot.
0:48 of 3rd period - Shot Blocked by Phillip Danault.
0:54 of 3rd period - Shot by Alexander Kerfoot.
0:54 of 3rd period - Stopped by Sergei Bobrovsky with a rebound.
0:56 of 3rd period - Shot by Patrice Bergeron.
0:56 of 3rd period - Shot Misses the Net.
1:13 of 3rd period - Patrice Bergeron is hit by Kurtis MacDermid and loses puck.
1:32 of 3rd period - Shot by Connor McDavid.
1:32 of 3rd period - Shot Misses the Net.
1:57 of 3rd period - Icing by Dakota Mermis.
1:58 of 3rd period - David Backes wins face-off versus Phillip Danault in Canucks zone.
2:33 of 3rd period - Icing by Connor Clifton.
2:34 of 3rd period - David Backes wins face-off versus Logan O'Connor in Canucks zone.
2:34 of 3rd period - David Backes is hit by Barclay Goodrow.
2:37 of 3rd period - Icing by Trevor Moore.
2:38 of 3rd period - Barclay Goodrow wins face-off versus David Backes in Canucks zone.
2:45 of 3rd period - Shot by Kevin Fiala.
2:45 of 3rd period - Shot Misses the Net.
2:53 of 3rd period - Shot by David Backes.
2:53 of 3rd period - Stopped by Sergei Bobrovsky without a rebound.
2:54 of 3rd period - Phillip Danault wins face-off versus Patrice Bergeron in Flyers zone.
3:03 of 3rd period - Shot by David Pastrnak.
3:03 of 3rd period - Stopped by Marc-Andre Fleury without a rebound.
3:04 of 3rd period - Alexander Kerfoot wins face-off versus Connor McDavid in Canucks zone.
3:04 of 3rd period - Alexander Kerfoot is hit by Brad Marchand.
3:09 of 3rd period - Icing by Zach Sanford.
3:10 of 3rd period - Connor McDavid wins face-off versus Alexander Kerfoot in Canucks zone.
3:11 of 3rd period - Shot by Alex Killorn.
3:11 of 3rd period - Shot Misses the Net.
3:13 of 3rd period - Shot by Brad Marchand.
3:13 of 3rd period - Stopped by Marc-Andre Fleury without a rebound.
3:14 of 3rd period - Patrice Bergeron wins face-off versus Connor McDavid in Canucks zone.
3:29 of 3rd period - Connor McDavid is hit by P.K. Subban and loses puck.
4:48 of 3rd period - Shot by Kevin Fiala.
4:48 of 3rd period - Stopped by Marc-Andre Fleury without a rebound.
4:49 of 3rd period - David Backes wins face-off versus Anders Lee in Canucks zone.
5:04 of 3rd period - Shot by Trevor Moore.
5:04 of 3rd period - Shot Hit the Post.
5:06 of 3rd period - Shot by Dakota Mermis.
5:06 of 3rd period - Stopped by Sergei Bobrovsky with a rebound.
5:32 of 3rd period - Shot by Tyler Seguin.
5:32 of 3rd period - Stopped by Marc-Andre Fleury without a rebound.
5:33 of 3rd period - Patrice Bergeron wins face-off versus Phillip Danault in Canucks zone.
5:40 of 3rd period - Shot by Anthony Beauvillier.
5:40 of 3rd period - Stopped by Sergei Bobrovsky with a rebound.
5:58 of 3rd period - Shot by Anthony Beauvillier.
5:58 of 3rd period - Shot Misses the Net.
6:19 of 3rd period - Off-side.
6:20 of 3rd period - Connor McDavid wins face-off versus Alexander Kerfoot in neutral zone.
7:38 of 3rd period - Shot by Tyler Seguin.
7:38 of 3rd period - Stopped by Marc-Andre Fleury without a rebound.
7:39 of 3rd period - Barclay Goodrow wins face-off versus Patrice Bergeron in Canucks zone.
7:56 of 3rd period - Shot by Kevin Fiala.
7:56 of 3rd period - Shot Misses the Net.
7:58 of 3rd period - Shot by Ivan Provorov.
7:58 of 3rd period - Stopped by Marc-Andre Fleury without a rebound.
7:59 of 3rd period - Bryan Rust wins face-off versus David Backes in Canucks zone.
8:36 of 3rd period - Shot by Trevor Moore.
8:36 of 3rd period - Deflect By David Backes.
8:36 of 3rd period - Shot Misses the Net.
8:38 of 3rd period - Shot by Connor Clifton.
8:38 of 3rd period - Stopped by Sergei Bobrovsky with a rebound.
8:40 of 3rd period - Shot by Dakota Mermis.
8:40 of 3rd period - Shot Misses the Net.
9:01 of 3rd period - Shot by Patrice Bergeron.
9:01 of 3rd period - Stopped by Sergei Bobrovsky with a rebound.
9:03 of 3rd period - Shot by Patrice Bergeron.
9:03 of 3rd period - Shot Misses the Net.
9:05 of 3rd period - Shot by Patrice Bergeron.
9:05 of 3rd period - Shot Misses the Net.
9:07 of 3rd period - Shot by Patrice Bergeron.
9:07 of 3rd period - Stopped by Sergei Bobrovsky without a rebound.
9:08 of 3rd period - Tyler Seguin wins face-off versus Alexander Kerfoot in Flyers zone.
9:23 of 3rd period - Brett Pesce is hit by Joakim Nordstrom and loses puck.
9:35 of 3rd period - Icing by Brett Pesce.
9:36 of 3rd period - Patrice Bergeron wins face-off versus Tyler Seguin in Flyers zone.
9:48 of 3rd period - Tyler Seguin is hit by Ian Cole and loses puck.
10:52 of 3rd period - Joakim Nordstrom is hit by Ivan Provorov and loses puck.
10:55 of 3rd period - Shot by Alexander Romanov.
10:55 of 3rd period - Shot Misses the Net.
11:07 of 3rd period - Barclay Goodrow is hit by Joakim Nordstrom and loses puck.
12:00 of 3rd period - Ivan Provorov is hit by Connor Clifton and loses puck.
12:20 of 3rd period - Off-side.
12:21 of 3rd period - Phillip Danault wins face-off versus Arttu Ruotsalainen in neutral zone.
12:21 of 3rd period - Phillip Danault is hit by Austin Wagner.
12:39 of 3rd period - Icing by Brett Pesce.
12:40 of 3rd period - Alexander Kerfoot wins face-off versus Bryan Rust in Flyers zone.
12:41 of 3rd period - Shot by Alexander Romanov.
12:41 of 3rd period - Deflect By Zach Sanford.
12:41 of 3rd period - Shot Blocked by Devon Toews.
12:43 of 3rd period - Shot by Alexander Romanov.
12:43 of 3rd period - Shot Blocked by Brett Pesce.
13:13 of 3rd period - Shot by Zach Sanford.
13:13 of 3rd period - Shot Misses the Net.
14:15 of 3rd period - Icing by Patrice Bergeron.
14:16 of 3rd period - Patrice Bergeron wins face-off versus Tyler Seguin in Canucks zone.
14:48 of 3rd period - Shot by Ivan Provorov.
14:48 of 3rd period - Stopped by Marc-Andre Fleury without a rebound.
14:49 of 3rd period - Barclay Goodrow wins face-off versus Alexander Kerfoot in Canucks zone.
15:08 of 3rd period - Shot by Zach Sanford.
15:08 of 3rd period - Stopped by Sergei Bobrovsky without a rebound.
15:09 of 3rd period - David Backes wins face-off versus Connor McDavid in Flyers zone.
15:33 of 3rd period - Dakota Mermis is hit by Connor McDavid.
15:46 of 3rd period - Connor McDavid is hit by Connor Clifton and loses puck.
16:17 of 3rd period - Shot by Tyler Seguin.
16:17 of 3rd period - Stopped by Marc-Andre Fleury without a rebound.
16:18 of 3rd period - Phillip Danault wins face-off versus Alexander Kerfoot in Canucks zone.
16:34 of 3rd period - Shot by Bryan Rust.
16:34 of 3rd period - Shot Misses the Net.
16:36 of 3rd period - Shot by Phillip Danault.
16:36 of 3rd period - Shot Misses the Net.
16:38 of 3rd period - Shot by Hampus Lindholm.
16:38 of 3rd period - Shot Misses the Net.
16:40 of 3rd period - Shot by Phillip Danault.
16:40 of 3rd period - Stopped by Marc-Andre Fleury without a rebound.
16:41 of 3rd period - Tom Wilson wins face-off versus Patrice Bergeron in Canucks zone.
16:46 of 3rd period - Shot by Devon Toews.
16:46 of 3rd period - Shot Blocked by Ian Cole.
16:49 of 3rd period - Icing by Ian Cole.
16:50 of 3rd period - Patrice Bergeron wins face-off versus Tyler Seguin in Canucks zone.
16:52 of 3rd period - Minor Penalty to Patrice Bergeron for Hooking.
16:52 of 3rd period - Minor Penalty to Anders Lee for Hooking.
16:53 of 3rd period - Tyler Seguin wins face-off versus Quinton Byfield in neutral zone.
17:14 of 3rd period - Shot by David Pastrnak.
17:14 of 3rd period - Stopped by Marc-Andre Fleury with a rebound.
17:16 of 3rd period - Shot by Brett Pesce.
17:16 of 3rd period - Shot Misses the Net.
18:04 of 3rd period - Icing by Devon Toews.
18:05 of 3rd period - Zach Sanford wins face-off versus Connor McDavid in Flyers zone.
18:38 of 3rd period - Shot by Brad Marchand.
18:38 of 3rd period - Stopped by Marc-Andre Fleury without a rebound.
18:39 of 3rd period - Quinton Byfield wins face-off versus Tyler Seguin in Canucks zone.
18:41 of 3rd period - Icing by P.K. Subban.
18:42 of 3rd period - Quinton Byfield wins face-off versus Connor McDavid in Canucks zone.
18:42 of 3rd period - Quinton Byfield is hit by Brad Marchand.
19:00 of 3rd period - Canucks, Marc-Andre Fleury is pulled from the net.
19:04 of 3rd period - Shot by Patrice Bergeron.
19:04 of 3rd period - Shot Misses the Net.
19:17 of 3rd period - Icing by Kurtis MacDermid.
19:18 of 3rd period - Zach Sanford wins face-off versus Barclay Goodrow in Flyers zone.
19:35 of 3rd period - Shot by Logan O'Connor.
19:35 of 3rd period - Shot Misses the Net.
19:37 of 3rd period - Shot by Kurtis MacDermid.
19:37 of 3rd period - Goal by Kurtis MacDermid - Flyers : 4 - Canucks : 2.
19:37 of 3rd period - Marc-Andre Fleury from Canucks was sent back in the game.
19:38 of 3rd period - Tyler Seguin wins face-off versus Trevor Moore in neutral zone.
19:40 of 3rd period - Brett Pesce is hit by Artem Zub.
19:50 of 3rd period - Shot by Alexander Romanov.
19:50 of 3rd period - Shot Hit the Post.
Goals for this period are 1 for Flyers vs 0 for Canucks.
Shots for this period are 12 for Flyers vs 9 for Canucks.